AoeStats
← eyupfc

Lombardia

507758092Analyzed
4v4 RM · 12d ago on Sep 19, 2026· 49m 23s· 8 players
Game mode
Random Map
Map size
Large (8 player)
Population
200
Speed
Normal
Resources
Standard
Victory
Conquest
Starting age
Dark Age
Ending age
Imperial Age
RankedLock teamsTeams togetherTeam positionsShared explorationLock speedFull tech treeHidden civsTurbo modeCheats
Victory
Defeat
🇹🇷 Spanish · Türkiye
1133
+16
🇹🇼 Maya · Taiwan
1116
+17
🇨🇳 Wei · China
1083
+18
🇮🇳 Teutons · India
1059
+19
🇨🇱 Celts · Chile
1210
-21
🇹🇷 Byzantines · Türkiye
1168
-19
🇨🇱 Persians · Chile
1114
-17
🇦🇷 Malay · Argentina
1023
-13
Bread Pitt
10:35 Feudal Age
8:51 Loom
17:38 Castle Age
16:51 Double-Bit Axe
19:54 Horse Collar
22:14 Wheelbarrow
24:24 Gold Mining
24:58 Town Watch
27:05 Heavy Plow
27:39 Hand Cart
27:49 Husbandry
28:42 Stone Mining
29:17 Bow Saw
30:36 Stone Shaft Mining
30:18 Town Patrol
30:32 Bloodlines
33:07 Scale Barding Armor
33:13 Forging
33:16 Pikeman
36:42 Imperial Age
35:38 Chain Barding Armor
37:21 Iron Casting
36:42 Cavalier
38:03 Plate Barding Armor
38:45 Paladin
40:29 Blast Furnace
40:07 Man-at-Arms
41:53 Conscription
41:42 Scale Mail Armor
43:28 Chemistry
43:46 Halberdier
sinister is maveric
3:37 Loom
10:51 Feudal Age
18:38 Castle Age
17:17 Double-Bit Axe
20:02 Horse Collar
21:53 Bow Saw
24:32 Wheelbarrow
23:46 Town Watch
26:23 Hand Cart
31:53 Imperial Age
29:17 Stone Mining
29:19 Gold Mining
31:49 Masonry
31:51 Scale Barding Armor
31:56 Forging
31:37 Fletching
32:58 Bloodlines
34:25 Two-Man Saw
33:31 Heavy Plow
32:58 Cavalier
34:19 Chain Barding Armor
34:36 Iron Casting
34:09 Pikeman
34:20 Paladin
36:57 Plate Barding Armor
37:22 Blast Furnace
38:59 Squires
39:26 Fortified Wall
41:26 Conscription
41:29 Crenellations
48:46 Capped Ram
henrylin123
0:27 Loom
9:26 Feudal Age
10:18 Double-Bit Axe
14:22 Horse Collar
15:07 Fletching
20:39 Castle Age
19:07 Padded Archer Armor
19:15 Gold Mining
20:43 Crossbowman
21:38 Bow Saw
22:28 Wheelbarrow
21:50 Bodkin Arrow
21:33 Eagle Warrior
23:34 Scale Mail Armor
27:30 Town Watch
30:52 Squires
34:04 Pikeman
36:25 Thumb Ring
39:24 Imperial Age
40:04 Ballistics
39:31 Arbalester
40:15 Bracer
40:31 Leather Archer Armor
40:31 Capped Ram
41:27 Elite Eagle Warrior
48:54 Conscription
49:17 Chain Mail Armor
南暮
4:33 Loom
11:17 Feudal Age
16:59 Town Watch
19:17 Castle Age
17:11 Gold Mining
17:26 Horse Collar
18:19 Double-Bit Axe
24:54 Forging
26:25 Husbandry
26:36 Bloodlines
33:38 Iron Casting
34:16 Fletching
36:20 Heavy Plow
37:08 Bodkin Arrow
39:28 Tuntian
40:09 Wheelbarrow
40:10 Stone Mining
41:58 Scale Barding Armor
46:50 Imperial Age
47:11 Chain Barding Armor
47:28 Elite Tiger Cavalry
eyupfc
11:01 Feudal Age
16:44 Castle Age
14:32 Double-Bit Axe
14:27 Horse Collar
17:45 Bow Saw
17:37 Heavy Plow
21:35 Loom
22:26 Wheelbarrow
22:08 Gold Mining
22:54 Stone Mining
25:10 Gold Shaft Mining
30:04 Imperial Age
28:06 Ballistics
27:41 Murder Holes
28:21 Scale Barding Armor
28:27 Forging
29:38 Stone Shaft Mining
29:40 Scale Mail Armor
30:06 Arson
30:21 Squires
30:07 Gambesons
31:02 Chain Mail Armor
31:11 Hand Cart
32:04 Chain Barding Armor
32:20 Iron Casting
33:10 Chemistry
33:03 Conscription
33:32 Plate Barding Armor
33:25 Husbandry
33:48 Pikeman
36:31 Halberdier
38:12 Plate Mail Armor
39:21 Logistica
40:38 Two-Man Saw
40:08 Crop Rotation
39:31 Fletching
40:28 Bodkin Arrow
41:21 Elite Cataphract
42:37 Caravan
RafaMath
3:04 Loom
11:25 Feudal Age
12:43 Wheelbarrow
17:26 Castle Age
16:00 Double-Bit Axe
15:58 Horse Collar
17:05 Scale Mail Armor
18:11 Town Watch
32:10 Bow Saw
33:13 Heavy Plow
38:08 Imperial Age
36:34 Hand Cart
36:11 Gold Mining
36:45 Pikeman
38:00 Town Patrol
38:20 Chain Mail Armor
38:16 Forging
38:34 Gambesons
39:37 Gold Shaft Mining
38:47 Capped Ram
39:01 Heavy Scorpion
40:48 Ballistics
41:29 Chemistry
40:21 Siege Ram
42:40 Furor Celtica
43:17 Conscription
45:26 Plate Mail Armor
45:32 Iron Casting
Nidd
10:04 Loom
13:24 Feudal Age
16:07 Double-Bit Axe
16:03 Horse Collar
24:19 Castle Age
24:15 Forging
28:57 Bow Saw
31:09 Heavy Plow
32:04 Husbandry
33:24 Wheelbarrow
37:17 Imperial Age
35:26 Gold Mining
35:23 Town Watch
35:56 Hand Cart
35:27 Town Watch
35:22 Man-at-Arms
36:02 Squires
36:00 Treadmill Crane
37:09 Forced Levy
37:30 Conscription
36:59 Arson
37:54 Caravan
37:28 Long Swordsman
38:09 Two-Handed Swordsman
39:26 Iron Casting
38:55 Pikeman
41:11 Halberdier
LACOSA
4:38 Loom
11:31 Feudal Age
15:51 Castle Age
15:45 Double-Bit Axe
19:25 Wheelbarrow
21:41 Bloodlines
24:08 Husbandry
25:56 Scale Barding Armor
28:41 Chain Barding Armor
30:03 Hand Cart
31:30 Forging
33:32 Bow Saw
39:49 Imperial Age
38:34 Iron Casting
38:07 Horse Collar
39:33 Cavalier
40:52 Plate Barding Armor
41:48 Blast Furnace
40:13 Light Cavalry
41:07 Savar
45:06 Pikeman
Connection lost

Rejoining the realm…

Still unreachable

The connection could not be restored.

Session expired

The server has moved on; the page needs a fresh start.